 Dungeon Crawl Stone Soup version 0.19.5 (webtiles) character file.

604 Rrauwl the Slasher (level 7, 0/54 HPs)
             Began as a Formicid Abyssal Knight on Mar 14, 2017.
             Was a Priest of Lugonu.
             Succumbed to Edmund's poison
             ... on level 4 of the Dungeon.
             The game lasted 00:19:34 (2897 turns).

Rrauwl the Slasher (Formicid Abyssal Knight)        Turns: 2897, Time: 00:19:34

Health: 0/54       AC:  6    Str: 20    XL:     7   Next: 70%
Magic:  9/9        EV: 11    Int: 10    God:    Lugonu [***...]
Gold:   119        SH:  0    Dex: 11    Spells: 0 memorised, 6 levels left

rFire  . . .     SeeInvis +     e - +0 hand crossbow
rCold  . . .     Gourm    +     f - +1 ring mail "Jegyegem" {Str+3}
rNeg   . . .     Faith    .     (no shield)
rPois  .         Spirit   .     (helmet unavailable)
rElec  .         Reflect  .     (no cloak)
rCorr  .         Harm     .     (no gloves)
MR     .....                    (no boots)
Stlth  +.........               p - amulet of the gourmand
                                (no ring)
                                (no ring)

@: lethally poisoned (0 -> -30), very slightly contaminated, invisible
A: permanent stasis, dig shafts and tunnels, four strong arms, antennae 3, dopey
1
a: Dig, Shaft Self, Depart the Abyss, Bend Space, Banish, Renounce Religion


You were on level 4 of the Dungeon.
You worshipped Lugonu.
Lugonu was most pleased with you.
You were not hungry.

You visited 1 branch of the dungeon, and saw 4 of its levels.
You visited the Abyss 1 time.

You collected 119 gold pieces.

Inventory:

Hand Weapons
 a - a +1 falchion
 e - a +0 hand crossbow (weapon)
Missiles
 g - 39 bolts (quivered)
Armour
 f - the +1 ring mail "Jegyegem" (worn) {Str+3}
   (You found it on level 2 of the Abyss)

   It affects your strength (+3).
Jewellery
 p - an amulet of the gourmand (around neck)
Wands
 k - a wand of lightning (8/15)
Scrolls
 c - a scroll of amnesia
 i - a scroll of identify
Comestibles
 b - a bread ration
 d - 3 meat rations
 h - 2 beef jerkies
 j - a royal jelly
 l - 3 chunks of flesh


   Skills:
 - Level 4.0 Fighting
 + Level 4.7 Long Blades
 + Level 4.4 Crossbows
 - Level 2.1 Armour
 - Level 1.0 Dodging
 - Level 1.0 Stealth
 - Level 2.1 Invocations
 + Level 3.7 Evocations


You had 6 spell levels left.
You didn't know any spells.

Dungeon Overview and Level Annotations

Branches:
Dungeon (4/15)
 Temple: D:4-7

Altars:
Cheibriados
Elyvilon
Fedhas
Kikubaaqudgha
Nemelex Xobeh
Okawaru
Qazlal
Trog
Xom
The Shining One


Innate Abilities, Weirdness & Mutations

You are under a permanent stasis effect.
You can dig through walls and to a lower floor.
Your four strong arms can wield two-handed weapons with a shield.
You have a pair of large antennae on your head. (SInv)
You are dopey. (Int -2)


Message History

Edmund is almost dead.
The bolt of lightning hits Edmund.
You kill Edmund!
Lugonu accepts your kill.
This wand has 8 charges left.
* * * LOW HITPOINT WARNING * * *
You feel very sick.
* * * LOW HITPOINT WARNING * * *
You feel very sick.
Things that are here:
a flail of venom; a chain mail; the human corpse of Edmund Eat one of 4 chunks of flesh? (ye/n/q)
You start eating one of the 4 chunks of flesh.
Magic restored.
* * * LOW HITPOINT WARNING * * *
You feel very sick.
This raw flesh is not very appetising.
That was not very filling.
Eat one of 3 chunks of flesh? (ye/n/q)
You start eating one of the 3 chunks of flesh.
You die...

##### ##_#_# ##8.#.# #......
##### #### #...... ....### #..###
#.8.#.# .....# #####.@..# #.#.#_#
..#.## #..##.##W# ####.#####
#....####..##..#(#####.........
#....#). ..###.#(..............
#.##.#.# #.# #.................
#÷##...###.###........[........
#..##..#.......................
.###...<............W............
......###.†.......(..............


You could see a phantom.

Vanquished Creatures
  The ghost of BugsBunnySan the Ducker, an amateur FeBe of Trog (D:4)
  Edmund (D:4)
  A bullfrog (D:4)
  A hound (D:4)
  A centaur skeleton (D:3)
  A worker ant (D:4)
  A worker ant zombie (D:3)
  Robin (D:2)
  A gnoll (D:1)
  5 adders
  An ooze (D:3)
  An adder zombie (D:3)
  2 adder skeletons (D:3)
  2 worms
  2 dart slugs
  5 leopard geckos
  8 orcs (D:3)
  2 ball pythons
  2 giant cockroaches
  13 goblins
  7 hobgoblins
  5 jackals
  6 bats
  3 frilled lizards
  A jackal skeleton (D:3)
  6 kobolds
  A quokka skeleton (D:4)
  12 rats
  A withered plant (D:3)
94 creatures vanquished.

Notes
Turn   | Place    | Note
-------+----------+-------------------------------------------
     0 | Abyss:1  | Rrauwl the Formicid Abyssal Knight began the quest for the Orb.
     0 | Abyss:1  | Reached XP level 1. HP: 18/18 MP: 2/2
    49 | Abyss:2  | Noticed a large abomination
   117 | Abyss:2  | Noticed a starcursed mass
   130 | Abyss:2  | Noticed an ettin zombie
   133 | Abyss:2  | Got a twisted ring mail
   134 | D:1      | Escaped the Abyss
   145 | D:1      | Identified the cursed +1 ring mail "Jegyegem" {Str+3} (You found it on level 2 of the Abyss)
   237 | D:1      | Gained mutation: Your muscles are strong. (Str +2) [potion of mutation]
   237 | D:1      | Gained mutation: Scrolls take you a little longer to read. [potion of mutation]
   237 | D:1      | Gained mutation: You possess an exceptional clarity of mind. [potion of mutation]
   247 | D:1      | Reached skill level 1 in Dodging
   329 | D:1      | Reached XP level 2. HP: 20/24 MP: 3/3
   397 | D:1      | Reached * piety under Lugonu
   436 | D:1      | Reached skill level 1 in Crossbows
   436 | D:1      | Reached skill level 1 in Stealth
   436 | D:1      | Reached XP level 3. HP: 12/29 MP: 4/4
  1354 | D:2      | Reached XP level 4. HP: 32/37 MP: 5/5
  1371 | D:2      | Found a snail-covered altar of Cheibriados.
  1371 | D:2      | Noticed Robin
  1387 | D:2      | Killed Robin
  1422 | D:2      | Got a translucent helmet
  1439 | D:2      | Identified the -4 helmet of Ticiam {Str+4} (You took it off Robin on level 2 of the Dungeon)
  1464 | D:2      | Reached ** piety under Lugonu
  1511 | D:2      | Gained mutation: You regenerate slowly when monsters are visible. [potion of mutation]
  1511 | D:2      | Gained mutation: Your magical capacity is low. (-10% MP) [potion of mutation]
  1511 | D:2      | Gained mutation: You are dopey. (Int -2) [potion of mutation]
  1804 | D:2      | Reached XP level 5. HP: 42/42 MP: 5/5
  1978 | D:3      | Found a stormy altar of Qazlal.
  1980 | D:3      | Noticed an air elemental
  1982 | D:3      | Noticed a water elemental
  1982 | D:3      | Noticed a fire elemental
  2183 | D:3      | Reached skill level 1 in Evocations
  2408 | D:3      | Found a sparkling altar of Nemelex Xobeh.
  2415 | D:3      | Reached *** piety under Lugonu
  2555 | D:3      | Reached XP level 6. HP: 48/48 MP: 6/6
  2597 | D:3      | Found a stormy altar of Qazlal.
  2683 | D:4      | Noticed BugsBunnySan's ghost (amateur FeBe)
  2702 | D:4      | Killed BugsBunnySan's ghost
  2702 | D:4      | Reached XP level 7. HP: 37/54 MP: 6/8
  2810 | D:4      | Found a blossoming altar of Fedhas.
  2810 | D:4      | Found a shimmering altar of Xom.
  2818 | D:4      | Found a sparkling altar of Nemelex Xobeh.
  2820 | D:4      | Found a white marble altar of Elyvilon.
  2820 | D:4      | Found a glowing golden altar of the Shining One.
  2822 | D:4      | Found a bloodstained altar of Trog.
  2824 | D:4      | Found an iron altar of Okawaru.
  2849 | D:4      | Found an ancient bone altar of Kikubaaqudgha.
  2855 | D:4      | Noticed Edmund
  2888 | D:4      | Lost mutation: You possess an exceptional clarity of mind. [potion of cure mutation]
  2888 | D:4      | Lost mutation: Scrolls take you a little longer to read. [potion of cure mutation]
  2888 | D:4      | Lost mutation: You regenerate slowly when monsters are visible. [potion of cure mutation]
  2888 | D:4      | Lost mutation: Your muscles are strong. (Str +2) [potion of cure mutation]
  2888 | D:4      | Lost mutation: Your magical capacity is low. (-10% MP) [potion of cure mutation]
  2894 | D:4      | Killed Edmund
  2896 | D:4      | HP: 2/54 [poisoned by Edmund]
  2897 | D:4      | Succumbed to Edmund's poison

Skill      XL: |  1  2  3  4  5  6 |
---------------+-------------------+-----
Dodging        | 1 |  1.0
Crossbows      | 1 2 3 4 |  4.4
Stealth        | 1 |  1.0
Fighting       | 4 |  4.0
Long Blades    | 3 4 |  4.7
Evocations     | 1 3 |  3.7
Armour         | |  2.1
Invocations    | |  2.1

Action                   |  1- 3 |  4- 6 |  7- 9 || total
-------------------------+-------+-------+-------++-------
Melee: Falchion          |    71 |   100 |       ||   171
 Fire: Hand crossbow     |       |    86 |    32 ||   118
Invok: Depart the Abyss  |     1 |       |       ||     1
Evoke: Wand              |       |     4 |     3 ||     7
  Use: Scroll            |     1 |     9 |     1 ||    11
       Potion            |     1 |     6 |     3 ||    10
  Eat: Bread ration      |     1 |       |       ||     1
       Chunk             |       |     1 |     2 ||     3
Armor: Ring mail         |    28 |    40 |     4 ||    72
Dodge: Dodged            |    45 |    74 |    12 ||   131
       Rpst.: Falchion   |    19 |    14 |       ||    33
